AoeStats
← Grandma's Boy

Arena

509508750Analyzed
4v4 RM · 5d ago on Sep 27, 2026· 40m 34s· 8 players
Game mode
Random Map
Map size
Large (8 player)
Population
200
Speed
Normal
Resources
Standard
Victory
Conquest
Starting age
Dark Age
Ending age
Imperial Age
RankedLock teamsTeams togetherTeam positionsShared explorationLock speedFull tech treeHidden civsTurbo modeCheats
Victory
Defeat
🇨🇦 Turks · Canada
794
+11
🇨🇦 Britons · Canada
669
+17
🇨🇦 Spanish · Canada
633
+18
🇨🇦 Chinese · Canada
609
+19
🇺🇸 Byzantines · United States
716
-18
🇯🇵 Saxons · Japan
684
-16
🇨🇷 Persians · Costa Rica
675
-16
🇺🇸 Mongols · United States
649
-15
sqwamaster
4:49 Loom
11:17 Feudal Age
12:48 Wheelbarrow
13:08 Double-Bit Axe
13:07 Horse Collar
15:37 Gold Mining
19:09 Castle Age
21:21 Elite Skirmisher
27:16 Squires
30:00 Ballistics
29:38 Murder Holes
29:46 Scale Mail Armor
29:47 Padded Archer Armor
29:53 Scale Barding Armor
33:15 Husbandry
32:38 Light Cavalry
33:28 Bloodlines
34:12 Bow Saw
Grandma's Boy
3:18 Loom
5:29 Loom
11:42 Feudal Age
12:02 Horse Collar
12:08 Double-Bit Axe
13:10 Wheelbarrow
16:34 Gold Mining
21:36 Castle Age
19:31 Fletching
19:42 Padded Archer Armor
19:43 Scale Mail Armor
19:48 Scale Barding Armor
19:53 Forging
22:06 Stone Mining
22:21 Bodkin Arrow
22:42 Leather Archer Armor
25:10 Bow Saw
25:52 Hand Cart
25:24 Elite Skirmisher
28:09 Gold Shaft Mining
32:09 Thumb Ring
32:33 Chain Barding Armor
32:45 Heavy Plow
33:03 Forging
35:58 Fortified Wall
36:09 Ballistics
35:46 Murder Holes
40:26 Imperial Age
teban0721
10:54 Feudal Age
11:50 Horse Collar
14:51 Castle Age
14:38 Double-Bit Axe
15:49 Bow Saw
17:27 Wheelbarrow
18:52 Stone Mining
20:58 Loom
21:30 Hand Cart
21:00 Town Watch
21:57 Gold Mining
23:39 Gold Shaft Mining
29:53 Imperial Age
27:52 Squires
27:38 Gambesons
27:38 Arson
27:20 Crossbowman
28:33 Forging
28:24 Scale Mail Armor
29:15 Scale Barding Armor
29:00 Fletching
29:11 Padded Archer Armor
28:55 Treadmill Crane
29:37 Ballistics
29:34 Town Patrol
30:03 Thumb Ring
30:49 Siege Engineers
31:01 Chain Mail Armor
31:23 Iron Casting
32:20 Plate Mail Armor
32:06 Heavy Plow
32:23 Elite Varangian Guard
33:10 Bodkin Arrow
33:18 Arbalester
33:19 Elite Skirmisher
33:22 Pikeman
35:00 Conscription
35:03 Bloodlines
34:54 Husbandry
36:12 Two-Man Saw
34:43 Halberdier
36:50 Elite Hearth Troop
36:53 Shield Wall
36:54 Clerical Recruitment
Wobbuffet3383
0:41 Loom
2:27 Loom
12:03 Feudal Age
12:23 Double-Bit Axe
12:22 Horse Collar
12:43 Stone Mining
13:18 Gold Mining
18:28 Scale Barding Armor
21:29 Castle Age
29:45 Kamandaran
34:30 Imperial Age
35:58 Chemistry
35:20 Ballistics
36:25 Citadels
39:13 Elite War Elephant
Idontcare
12:11 Feudal Age
12:03 Loom
13:41 Double-Bit Axe
17:22 Castle Age
15:13 Horse Collar
15:59 Gold Mining
18:18 Wheelbarrow
18:13 Bow Saw
26:29 Murder Holes
29:38 Imperial Age
33:06 Conscription
33:13 Hand Cart
36:41 Two-Man Saw
35:43 Heavy Plow
37:38 Bloodlines
38:05 Fervor
39:37 Husbandry
kaipulla
11:43 Feudal Age
10:00 Loom
15:41 Castle Age
13:39 Town Watch
14:41 Double-Bit Axe
14:39 Horse Collar
15:51 Scale Barding Armor
16:58 Bow Saw
16:50 Heavy Plow
28:02 Imperial Age
26:41 Fortified Wall
30:28 Chemistry
31:06 Ballistics
wild bill_1234
12:48 Feudal Age
18:23 Castle Age
16:56 Double-Bit Axe
19:28 Bow Saw
20:46 Gold Mining
20:32 Pikeman
21:35 Forging
21:26 Scale Mail Armor
21:49 Horse Collar
26:28 Fletching
26:39 Padded Archer Armor
26:41 Stone Mining
27:54 Wheelbarrow
33:05 Imperial Age
31:03 Masonry
31:58 Gambesons
32:20 Bodkin Arrow
32:41 Leather Archer Armor
33:02 Iron Casting
32:43 Chain Mail Armor
32:58 Ballistics
34:56 Hoardings
34:43 Conscription
35:18 Hand Cart
35:15 Murder Holes
38:15 Fortified Wall
39:53 Hoardings
39:41 Conscription
38:54 Onager
41:28 Chemistry
40:14 Arrowslits
Shadov
0:38 Loom
12:24 Feudal Age
16:49 Castle Age
14:38 Double-Bit Axe
17:59 Wheelbarrow
17:20 Town Watch
18:57 Stone Mining
18:58 Gold Mining
19:13 Horse Collar
21:12 Stone Shaft Mining
23:14 Gold Shaft Mining
24:33 Bow Saw
24:48 Heavy Plow
26:30 Fervor
26:16 Herbal Medicine
29:27 Hand Cart
34:49 Imperial Age
32:38 Town Patrol
32:44 Town Patrol
32:46 Padded Archer Armor
32:37 Fletching
34:15 Husbandry
34:26 Bloodlines
34:40 Squires
35:04 Thumb Ring
35:11 Squires
34:57 Arson
35:59 Ballistics
41:03 Leather Archer Armor
40:43 Bodkin Arrow
40:55 Scale Barding Armor
Connection lost

Rejoining the realm…

Still unreachable

The connection could not be restored.

Session expired

The server has moved on; the page needs a fresh start.